 Dungeon Crawl Stone Soup version 0.30.1-3-gfc49f6343a (webtiles) character file.

Game seed: 11551759356339098788

29 monsoonserge the Sneak (level 3, -2/28 HPs)
             Began as a Merfolk Brigand on July 18, 2023.
             Slain by a jackal (3 damage)
             ... on level 2 of the Dungeon on July 19, 2023.
             The game lasted 00:03:00 (686 turns).

monsoonserge the Sneak (Merfolk Brigand)             Turns: 686, Time: 00:03:00

Health: -2/28      AC:  3    Str: 11    XL:     3   Next: 16%
Magic:  3/3        EV:  6    Int: 10    God:
Gold:   3          SH: 11    Dex: 17    Spells: 2/2 levels left

rFire   . . .        a - +2 dagger
rCold   . . .        k - +0 tower shield
rNeg    . . .        b - +0 robe
rPois   .            (no helmet)
rElec   .            c - +0 cloak
rCorr   .            (no gloves)
SInv    .            (no boots)
Will    .....        (no amulet)
Stlth   +++          (no ring)
HPRegen 0.24/turn    (no ring)
MPRegen 0.08/turn

%: no passive effects
@: no status effects
A: (nimble swimmer 2), mertail
a: no special abilities


You were on level 2 of the Dungeon.
You visited 1 branch of the dungeon, and saw 2 of its levels.

You collected 3 gold pieces.

Inventory:

Hand Weapons
 a - a +2 dagger (weapon)
Missiles
 d - 9 poisoned darts (quivered)
 e - 3 curare-tipped darts
 f - 4 boomerangs
Armour
 b - a +0 robe (worn)
 c - a +0 cloak (worn)
 k - a +0 tower shield (worn)
Jewellery
 h - a ring of fire
Scrolls
 g - a scroll of blinking {unknown}
 i - 2 scrolls of identify {unknown}
 j - a scroll of noise {unknown}


   Skills:
 + Level 2.5 Fighting
 + Level 2.5 Short Blades
 + Level 2.0 Throwing
 + Level 1.3 Dodging
 + Level 5.3 Stealth
 * Level 0.2 Shields


You had 2 spell levels left.
You didn't know any spells.
Your spell library was empty.

Dungeon Overview and Level Annotations

Branches:
Dungeon (2/15)

Altars:

Shops:
D:1 [


Innate Abilities, Weirdness & Mutations

((You are very nimble when in or above water. (Stealth+, EV+, Speed+++)))
Your lower body shifts to a powerful aquatic tail in water.


Message History

The jackal bites you but does no damage.
You block the jackal's attack.
You completely miss the jackal.
The jackal is severely wounded.
The jackal bites you. You block the jackal's attack. The jackal bites you.
You block the jackal's attack.
You hit the jackal.
The jackal is almost dead.
You block the jackal's attack. The jackal bites you.
You block the jackal's attack.
The jackal bites you but does no damage.
You hit the jackal but do no damage.
The jackal is almost dead.
You block the jackal's attack. The jackal bites you.
* * * LOW HITPOINT WARNING * * *
The jackal bites you but does no damage.
The jackal bites you.
* * * LOW HITPOINT WARNING * * *
You barely miss the jackal.
The jackal is almost dead.
The jackal bites you but does no damage.
You block the jackal's attack. x2
The jackal bites you but does no damage.
You closely miss the jackal.
The jackal is almost dead.
The jackal bites you.
* * * LOW HITPOINT WARNING * * *
The jackal bites you but does no damage.
You block the jackal's attack.
The jackal bites you but does no damage.
You miss the jackal.
The jackal is almost dead.
The jackal bites you.
* * * LOW HITPOINT WARNING * * *
You block the jackal's attack. x2; The jackal barely misses you.
You miss the jackal.
The jackal is almost dead.
The jackal bites you but does no damage.
You block the jackal's attack. x3; The jackal bites you.
You die...

#.....
#.....
#.....
##..... ##
....... .###
###.... ...
.......#.#
....>..<.♣
##.#+#h@.♣
#..h....P.♣
#..##.♣♣....
.... .♣ ♣♣.
###.. .. ..
... ..# .##
### .#


You could see 2 jackals.

Vanquished Creatures
  2 dart slugs (D:1)
  2 bats
  An endoplasm (D:1)
  2 giant cockroaches (D:1)
  2 hobgoblins (D:1)
  4 jackals
  A ball python (D:1)
  2 goblins (D:1)
  5 kobolds (D:1)
  A rat (D:1)
22 creatures vanquished.

Notes
Turn   | Place    | Note
-------+----------+-------------------------------------------
     0 | D:1      | monsoonserge the Merfolk Brigand began the quest for the
                  | Orb.
     0 | D:1      | Reached XP level 1. HP: 16/16 MP: 1/1
   180 | D:1      | Reached XP level 2. HP: 23/23 MP: 2/2
   250 | D:1      | Reached skill level 5 in Stealth
   367 | D:1      | Found Ozxezits's Antique Armour Boutique.
   432 | D:1      | Reached XP level 3. HP: 23/28 MP: 3/3
   685 | D:2      | HP: 1/28 [jackal (2)]
   686 | D:2      | Slain by a jackal

Illustrated notes

Levels and vault maps discovered:
D:1:      dpeg_arrival_triangle_fractal, layout_basic, serial_shops,
          shop_fountains
D:2:      layout_basic, serial_forest, infiniplex_forest_straight_3,
          infiniplex_forest_lined_4_way, infiniplex_forest_corner_1,
          infiniplex_forest_clump_double, infiniplex_forest_clump_long,
          infiniplex_forest_fountain, infiniplex_forest_clump_long,
          infiniplex_forest_lined_2, basic_ecumenical_altar

Skill      XL: |  1  2 |
---------------+-------+-----
Stealth        | 5 |  5.3
Fighting       | |  2.5
Short Blades   | |  2.5
Throwing       | |  2.0
Dodging        | |  1.3
Shields        | |  0.2

Action                     || total
---------------------------++-------
  Melee: Dagger            ||    73
   Stab: Sleeping          ||     4
 Armour: Robe              ||    32
  Dodge: Dodged            ||    36
  Block: Tower shield      ||    48
